 Dungeon Crawl Stone Soup version 0.30-a0-55-g90e3122c3a (webtiles) character file.

Game seed: 18426127177822475554

4386 Newt the Slicer (level 10, -1/76 HPs)
             Began as a Demonspawn Gladiator on Sept 9, 2022.
             Was a Follower of Dithmenos.
             Killed from afar by an electric eel (13 damage)
             ... with a bolt of electricity
             ... on level 7 of the Dungeon.
             The game lasted 00:13:47 (9169 turns).

Newt the Slicer (Demonspawn Gladiator)              Turns: 9169, Time: 00:13:48

Health: -1/76      AC:  6    Str: 17    XL:     10   Next: 13%
Magic:  10/10      EV: 13    Int:  9    God:    Dithmenos [*.....]
Gold:   466        SH:  0    Dex: 17    Spells: 9/9 levels left

rFire   . . .      SeeInvis .    i - +2 short sword (drain)
rCold   . . .      Faith    .    (no shield)
rNeg    . . .      Spirit   .    b - +0 leather armour
rPois   .          Reflect  .    c - +1 helmet
rElec   .          Harm     .    N - +0 cloak
rCorr   .          Rampage  .    (no gloves)
Will    .....                    (no boots)
Stlth   ++........               r - amulet of regeneration
HPRegen 1.02/turn                (no ring)
MPRegen 0.12/turn                (no ring)

@: wreathed by umbra, very slow
A: hooves 2, demonic guardian 1, spiny 1, demonic touch 2
a: Renounce Religion


You were on level 7 of the Dungeon.
You worshipped Dithmenos.
Dithmenos was aware of your devotion.
You visited 2 branches of the dungeon, and saw 8 of its levels.
You also visited: Sewer.

You collected 536 gold pieces.
You spent 70 gold pieces at shops.

Inventory:

Hand Weapons
 a - a +0 rapier
 e - a +1 long sword of flaming
 i - a +2 short sword of draining (weapon)
 O - a +0 dagger
Missiles
 d - a throwing net (quivered)
 f - 16 poisoned darts
 J - 5 atropa-tipped darts
 M - a javelin
Armour
 b - a +0 leather armour (worn)
 c - a +1 helmet (worn)
 h - a +0 ring mail
 L - the +0 ring mail of Bitterness {Rampage rElec rN+}
   (You found it on level 6 of the Dungeon)

   rElec:     It insulates you from electricity.
   rN:        It protects you from negative energy.
   Rampage:   It bestows one free step when moving towards enemies.
 N - a +0 cloak (worn)
Jewellery
 r - an amulet of regeneration (around neck)
 u - a ring of magical power
Wands
 x - a wand of paralysis (8)
 y - a wand of mindburst (13)
Scrolls
 j - 2 scrolls of teleportation
 l - 4 scrolls of immolation
 m - 2 scrolls of silence
 n - a scroll of enchant weapon
 o - a scroll of poison
 p - 2 scrolls of amnesia
 t - 4 scrolls of enchant armour
 B - a scroll of vulnerability
 D - a scroll of noise
 F - a scroll of magic mapping {unknown}
 G - a scroll of fear {unknown}
 I - a scroll of butterflies {unknown}
 K - a scroll of torment {unknown}
 Q - a scroll of blinking {unknown}
Potions
 g - 3 potions of haste
 k - a potion of lignification
 q - a potion of ambrosia
 s - a potion of berserk rage
 v - 4 potions of brilliance
 w - 2 potions of curing
 z - 3 potions of degeneration
 A - a potion of magic {unknown}
 C - a potion of might
 E - a potion of attraction
 H - a potion of mutation {unknown}
 P - a potion of heal wounds


   Skills:
 - Level 6.0 Fighting
 - Level 8.0 Short Blades
 - Level 4.0 Throwing
 - Level 4.0 Armour
 - Level 4.0 Dodging
 + Level 7.3 Stealth
 - Level 4.0 Evocations


You had 9 spell levels left.
You didn't know any spells.
Your spell library contained the following spells:

 Spells                   Type           Power      Damage    Failure   Level
 Magic Dart               Conj           0%         1d3       43%         1
 Slow                     Hex            0%         N/A       43%         1
 Searing Ray              Conj           0%         2d4       58%         2
 Confusing Touch          Hex            0%         N/A       82%         3
 Vampiric Draining        Necr           0%         2d6       82%         3
 Fulminant Prism          Conj/Hex       0%         3d6       99%         4
 Leda's Liquefaction      Hex/Erth       0%         N/A       99%         4
 Lee's Rapid Deconstruct  Erth           0%         3d5*      100%        5
 Statue Form              Tmut/Erth      0%         N/A       100%        6


Dungeon Overview and Level Annotations

Branches:
Dungeon (7/15)             Temple (1/1) D:5           Sewer (visited)

Altars:
Ashenzari
Cheibriados
Dithmenos
Fedhas
Hepliaklqana
Kikubaaqudgha
Makhleb
Qazlal
Trog
Uskayaw
Vehumet
Wu Jian
Xom
Yredelemnul

Shops:
D:1 [   D:7 !


Innate Abilities, Weirdness & Mutations

You have hoof-like feet.
A weak demonic guardian rushes to your aid.
You are partially covered in sharp spines.
Your touch may inflict irresistible damage on your foes.


Message History

Your touch misses the electric eel.
The electric eel is heavily wounded.
You barely miss the electric eel. Your kick misses the electric eel.
The electric eel is heavily wounded.
The electric eel shoots out a bolt of lightning at you!
The bolt of electricity hits you! x2
The bolt of electricity hits the electric eel.
The electric eel completely resists.
You barely miss the electric eel. Your touch misses the electric eel.
The electric eel is heavily wounded.
The electric eel shoots out a bolt of lightning at you!
The bolt of electricity hits you! The bolt of electricity misses you.
The bolt of electricity hits the electric eel.
The electric eel completely resists.
Your unstable footing causes you to fumble your attack.
Unknown command.
Your unstable footing causes you to fumble your attack.
The electric eel shoots out a bolt of lightning at you!
The bolt of electricity hits you. The bolt of electricity hits you!
* * * LOW HITPOINT WARNING * * *
A demonic guardian appears!
The bolt of electricity hits the electric eel.
The electric eel completely resists.
Throw: 3 throwing nets
Press: ? - help, Q - select action, (/) - cycle Shift-Dir - straight line, f - electric eel
Aim: an electric eel (water, heavily wounded, ally target, umbra, 50% to hit)
You throw a throwing net.
The throwing net closely misses the electric eel.
You hear a splash.
Throw: 2 throwing nets
Press: ? - help, Q - select action, (/) - cycle Shift-Dir - straight line, f/p - electric eel
Aim: an electric eel (water, heavily wounded, ally target, umbra, 50% to hit)
You throw a throwing net.
The throwing net misses the electric eel.
You hear a splash.
The electric eel shoots out a bolt of lightning at you!
The bolt of electricity hits you.
* * * LOW HITPOINT WARNING * * *
The bolt of electricity hits you!
You die...

.#.#.#####.#....#.....##≈ ≈##.#..
..............#.#....##≈≈≈##..##.
.....#####.#..#.#...##≈≈≈##...##.
.#.#######......#..##≈≈≈##....#..
...........#..#.#.##≈≈≈##...[.#..
.#.........#..#.###≈≈≈##..)...##.
.+.....<........##≈≈≈##.......##.
.#.........##.#5#≈≈≈##........##.
.#.........##.#+@S≈##......)†.#..
.#.........###.~≈~##########''#..
.†.........###.~~..###........##.
.#.####.#....+................##.
.#.# #.#..###......##..##....##.
.#.# #.............##........##.
.............##.#...##...........
...........####.#................
#######..........................


You could see an electric eel (ally target) and a friendly iron imp (summoned).

Vanquished Creatures
  Pikel (D:4)
  A hornet (D:7)
  Sigmund (D:2)
  A shadow (D:7)
  A steam dragon (D:7)
  An acid dragon (D:7)
  3 water moccasins
  Duvessa (D:4)
  An ice beast (D:6)
  3 black bears
  An orc warrior (D:7)
  An ogre (D:6)
  2 centaurs
  A phantom (D:5)
  A gnoll sergeant (D:5)
  A kobold brigand (D:7)
  2 bullfrogs (Sewer)
  3 necrophages
  3 scorpions
  6 wights
  Dowan (D:4)
  6 killer bees (D:7)
  A howler monkey (D:5)
  A gnoll bouda (D:6)
  2 hounds (D:7)
  An orc priest (D:5)
  Ijyb (D:4)
  3 iguanas
  An orc wizard (D:5)
  20 adders
  7 gnolls
  6 river rats (Sewer)
  A shadow imp (D:6)
  A white imp (D:6)
  An ufetubus (D:5)
  2 dart slugs
  19 orcs
  12 endoplasms
  5 giant cockroaches
  9 goblins
  8 hobgoblins
  8 jackals
  8 kobolds
  7 quokkas
  15 ball pythons
  12 bats
  6 frilled lizards
  33 rats
232 creatures vanquished.

Vanquished Creatures (collateral kills)
  2 lemures (D:3)
  A dart slug (D:5)
  An orc (D:5)
  An endoplasm (D:1)
  3 quokkas
8 creatures vanquished.

Vanquished Creatures (others)
  4 fungi (D:1)
  2 plants (D:1)
6 creatures vanquished.

Grand Total: 246 creatures vanquished

Notes
Turn   | Place    | Note
-------+----------+-------------------------------------------
     0 | D:1      | Newt the Demonspawn Gladiator began the quest for the Orb.
     0 | D:1      | Reached XP level 1. HP: 16/16 MP: 1/1
   189 | D:1      | Reached skill level 1 in Stealth
   206 | D:1      | Gained mutation: A weak demonic guardian rushes to your
                  | aid. [demonic ancestry]
   206 | D:1      | Reached XP level 2. HP: 14/22 MP: 2/2
   731 | D:1      | Found Lidwei Unute's Armour Emporium.
  1015 | D:1      | Discovered your monstrous ancestry.
  1015 | D:1      | Gained mutation: Your touch may inflict minor irresistible
                  | damage on your foes. [demonic ancestry]
  1015 | D:1      | Reached XP level 3. HP: 12/28 MP: 3/3
  1200 | D:1      | Found a faded altar of an unknown god.
  1994 | D:2      | Noticed Sigmund
  2786 | D:2      | Killed Sigmund
  2787 | D:2      | Reached skill level 3 in Short Blades
  2787 | D:2      | Reached XP level 4. HP: 26/37 MP: 4/4
  2787 | D:2      | Gained mutation: You have large cloven feet. [demonic
                  | ancestry]
  2787 | D:2      | Reached XP level 5. HP: 29/42 MP: 5/5
  4324 | D:3      | Found a broken altar of Ashenzari.
  4357 | D:3      | Reached XP level 6. HP: 48/48 MP: 6/6
  4827 | D:4      | Reached skill level 4 in Short Blades
  4837 | D:4      | Noticed Pikel
  5494 | D:4      | Noticed Ijyb
  5500 | D:4      | Killed Ijyb
  5609 | D:4      | Killed Pikel
  5610 | D:4      | Reached skill level 5 in Stealth
  5610 | D:4      | Reached skill level 1 in Evocations
  5610 | D:4      | Gained mutation: You have hoof-like feet. [demonic
                  | ancestry]
  5610 | D:4      | Reached XP level 7. HP: 45/54 MP: 7/7
  5641 | D:4      | Noticed Duvessa
  5656 | D:4      | Killed Duvessa
  5656 | D:4      | Noticed Dowan
  5657 | D:4      | Gained mutation: You are partially covered in sharp spines.
                  | [demonic ancestry]
  5657 | D:4      | Reached XP level 8. HP: 60/60 MP: 8/8
  5670 | D:4      | Killed Dowan
  5907 | D:5      | Entered Level 5 of the Dungeon
  5921 | D:5      | Found a hide-covered altar of Uskayaw.
  5940 | D:5      | Found a staircase to the Ecumenical Temple.
  5975 | D:5      | Reached skill level 5 in Fighting
  6347 | D:5      | Found a glowing drain.
  6356 | Sewer    | Entered a sewer
  6709 | Sewer    | Reached skill level 5 in Short Blades
  7178 | Temple   | Entered the Ecumenical Temple
  7183 | Temple   | Became a worshipper of Dithmenos the Shadowed
  7365 | D:6      | Reached skill level 6 in Short Blades
  7365 | D:6      | Reached XP level 9. HP: 62/69 MP: 9/9
  7368 | D:6      | Reached skill level 1 in Armour
  7686 | D:6      | Identified the +0 ring mail of Bitterness {Rampage rElec
                  | rN+}
  8378 | D:7      | Reached skill level 7 in Short Blades
  8435 | D:7      | Found Bushakhy's Distillery.
  8458 | D:7      | Bought a potion of heal wounds for 70 gold pieces
  8474 | D:7      | Reached * piety under Dithmenos
  8523 | D:7      | Reached skill level 8 in Short Blades
  8654 | D:7      | Gained mutation: Your touch may inflict irresistible damage
                  | on your foes. [demonic ancestry]
  8654 | D:7      | Reached XP level 10. HP: 76/76 MP: 10/10
  9169 | D:7      | Killed from afar by an electric eel

Illustrated notes

Levels and vault maps discovered:
D:1:      heliophobic_arrival_henge, layout_basic,
          shapermc_ecumenical_altar_mp_urbaneastern, serial_shops, shop,
          serial_glass, glass_columns_a, glass_columns_b, serial_bayou_lagoon_b
D:2:      layout_loops_ring, uniq_sigmund
D:3:      layout_basic, general_overflow_altar, corner_web_ring
D:4:      layout_gridville, uniq_ijyb, uniq_pikel, uniq_duvessa
D:5:      layout_loops_ring, mainiacjoe_overflow_catwalk,
          minmay_temple_entry_junction_2, gup_sewer_entry_bubbles
D:6:      layout_rooms
D:7:      layout_basic, serial_shops, shop_coins, kennysheep_opposing_triangles
Temple:   minmay_freezing_vapour_temple

Skill      XL: |  1  2  3  4  5  6  7  8  9 10 |
---------------+-------------------------------+-----
Stealth        | 1 2 5 6 7 |  7.3
Fighting       | 4 6 |  6.0
Dodging        | 4 |  4.0
Short Blades   | 3 4 6 8 |  8.0
Throwing       | 4 |  4.0
Evocations     | 1 2 4 |  4.0
Armour         | 4 |  4.0

Action                   |  1- 3 |  4- 6 |  7- 9 | 10-12 || total
-------------------------+-------+-------+-------+-------++-------
Melee: Rapier            |   107 |       |       |       ||   107
       Short sword       |    49 |    89 |   271 |    30 ||   439
       Touch             |     5 |    13 |    47 |     4 ||    69
       Punch             |     1 |       |     2 |       ||     3
       Kick              |       |    19 |    79 |     4 ||   102
Throw: Dart              |     4 |     4 |     8 |       ||    16
       Throwing net      |     1 |       |     2 |     2 ||     5
       Javelin           |     1 |       |     2 |       ||     3
  Use: Potion            |     2 |       |     4 |       ||     6
       Scroll            |       |     4 |     8 |     1 ||    13
 Stab: Sleeping          |     2 |     5 |     7 |     1 ||    15
       Distracted        |     1 |       |       |       ||     1
       Held in net/web   |       |       |     1 |       ||     1
Armor: Leather armour    |    77 |    20 |    66 |     3 ||   166
Dodge: Dodged            |   127 |    36 |   152 |    13 ||   328

Table legend: (Time is in decaauts)
 A = Elapsed time spent in this place.
 B = Non-inter-level travel time spent in this place.
 C = Inter-level travel time spent in this place.
 D = Time resting spent in this place.
 E = Time spent auto-exploring this place.
 F = Levels seen in this place.
 G = Mean time per level.
                   A        B        C        D        E       F      G
               +--------+--------+--------+--------+--------+-----+--------+
         Total |   9201 |   8829 |    372 |   1868 |   5301 |   9 | 1022.3 |
       Dungeon |   8777 |   8406 |    371 |   1743 |   5143 |   7 | 1253.9 |
        Temple |     10 |     10 |      0 |      0 |      0 |   1 |   10.0 |
         Sewer |    412 |    412 |      0 |    125 |    157 |   1 |  412.0 |
               +--------+--------+--------+--------+--------+-----+--------+

Top non-repeatable levels by time:
     D:1: 2523 daAuts
     D:3: 1444 daAuts
     D:5: 1050 daAuts
     D:2: 1021 daAuts
     D:6: 963 daAuts
     D:4: 933 daAuts
     D:7: 840 daAuts
   Sewer: 412 daAuts
  Temple: 10 daAuts
